 Dungeon Crawl Stone Soup version 0.20.0-15-g7f486f2 (webtiles) character file.

35 maniacrov the Bolt Thrower (level 3, -1/21 HPs)
             Began as a Kobold Hunter on June 13, 2017.
             Was an Initiate of Okawaru.
             Slain by Sigmund
             ... wielding a +0 scythe
              (9 damage)
             ... on level 2 of the Dungeon.
             The game lasted 00:03:11 (851 turns).

maniacrov the Bolt Thrower (Kobold Hunter)           Turns: 851, Time: 00:03:12

Health: -1/21      AC:  3    Str:  9    XL:     3   Next: 52%
Magic:  3/3        EV: 15    Int: 12    God:    Okawaru [......]
Gold:   57         SH:  0    Dex: 16    Spells: 2/2 levels left

rFire    . . .     SeeInvis .   a - +1 hand crossbow
rCold    . . .     Gourm    .   (shield restricted)
rNeg     . . .     Faith    .   c - +0 leather armour
rPois    .         Spirit   .   (no helmet)
rElec    .         Reflect  .   (no cloak)
rCorr    .         Harm     .   (no gloves)
MR       .....                  (no boots)
Stlth    ++........             (no amulet)
Regen    0.1/turn               (no ring)
MPRegen  0.1/turn               (no ring)

@: no status effects
A: carnivore 3
a: Renounce Religion


You were on level 2 of the Dungeon.
You worshipped Okawaru.
Okawaru was noncommittal.
You were not hungry.

You visited 1 branch of the dungeon, and saw 2 of its levels.

You collected 57 gold pieces.

Inventory:

Hand Weapons
 a - a +1 hand crossbow (weapon)
 b - a +0 short sword
Missiles
 d - 3 bolts (quivered)
Armour
 c - a +0 leather armour (worn)
Scrolls
 i - 3 scrolls of blinking {unknown}
Potions
 e - 2 potions of flight {unknown}
 g - a potion of heal wounds {unknown}
 h - a potion of cancellation {unknown}
Comestibles
 f - a meat ration


   Skills:
 + Level 2.2 Fighting
 + Level 5.9 Crossbows
 + Level 2.6 Dodging
 + Level 1.5 Stealth


You had 2 spell levels left.
You didn't know any spells.

Dungeon Overview and Level Annotations

Branches:
Dungeon (2/15)

Altars:
Elyvilon
Okawaru

Annotations:
D:2 Sigmund


Innate Abilities, Weirdness & Mutations

You are small and have problems with some larger weapons.
You are carnivorous and can eat meat at any time.


Message History

You shoot a bolt. The bolt completely misses the kobold.
The kobold barely misses you.
Firing (i - inventory):
d - 6 bolts (quivered)
Press: ? - help, Shift-Dir - straight line, f/p - kobold
Aim: a kobold, wielding a club You shoot a bolt.
The bolt hits the kobold!
You kill the kobold!
Okawaru accepts your kill.
Sigmund hits you from afar with a scythe!
Ouch! That really hurt!
Firing (i - inventory):
d - 5 bolts (quivered)
Press: ? - help, Shift-Dir - straight line, f - Sigmund
Aim: Sigmund, wielding a scythe and wearing a robe You shoot a bolt.
The bolt closely misses Sigmund.
Sigmund barely misses you.
Firing (i - inventory):
d - 4 bolts (quivered)
Press: ? - help, Shift-Dir - straight line, f/p - Sigmund
Aim: Sigmund, wielding a scythe and wearing a robe You shoot a bolt.
The bolt closely misses Sigmund.
Sigmund hits you from afar with a scythe!
You die...

#.#..... #####...._...
#...#.#.....#
###............ #
#.......#.⌠.⌠(#
#.##.###.......@......
#..............#.....#
.##.......@(.....(
.##.##...#.(...###
.##.############
######.##.# J..... #.#
...# #.# #####.###.#
#......##.#
#.###..##.#


You could see Sigmund.

Vanquished Creatures
  An ooze (D:1)
  A worm (D:2)
  A dart slug (D:1)
  A leopard gecko (D:2)
  A ball python (D:2)
  4 hobgoblins (D:1)
  4 kobolds
  3 bats (D:1)
  4 frilled lizards
  3 goblins (D:1)
  3 rats
26 creatures vanquished.

Notes
Turn   | Place    | Note
-------+----------+-------------------------------------------
     0 | D:1      | maniacrov the Kobold Hunter began the quest for the Orb.
     0 | D:1      | Reached XP level 1. HP: 12/12 MP: 1/1
    27 | D:1      | Reached skill level 5 in Crossbows
   145 | D:1      | Reached XP level 2. HP: 17/17 MP: 2/2
   201 | D:1      | Found an iron altar of Okawaru.
   207 | D:1      | Became a worshipper of Warmaster Okawaru
   510 | D:1      | Reached XP level 3. HP: 15/21 MP: 3/3
   838 | D:2      | Found a white marble altar of Elyvilon.
   842 | D:2      | Noticed Sigmund
   851 | D:2      | Slain by Sigmund

Skill      XL: |  1 |
---------------+----+-----
Crossbows      | 5 |  5.9
Fighting       | |  2.2
Dodging        | |  2.6
Stealth        | |  1.5

Action                   || total
-------------------------++-------
 Fire: Hand crossbow     ||    55
Armor: Leather armour    ||     5
Dodge: Dodged            ||    15
